 Dungeon Crawl Stone Soup version 0.30.0-15-g856e2d3f33 (webtiles) character file.

Game seed: 9807646166287011907

1493 Pimp the Skirmisher (level 8, -1/48 HPs)
             Began as a Deep Elf Hunter on May 18, 2023.
             Slain by Duvessa
             ... wielding a +0 short sword of speed
              (3 damage)
             ... on level 6 of the Dungeon.
             The game lasted 00:12:48 (4822 turns).

Pimp the Skirmisher (Deep Elf Hunter)               Turns: 4822, Time: 00:12:49

Health: -1/48      AC:  4    Str:  8    XL:     8   Next: 51%
Magic:  10/10      EV: 15    Int: 15    God:
Gold:   283        SH:  0    Dex: 20    Spells: 7/7 levels left

rFire   . . .        p - +3 long sword (holy)
rCold   . . .        (no shield)
rNeg    . . .        c - +0 leather armour
rPois   .            (no helmet)
rElec   .            (no cloak)
rCorr   .            r - +0 pair of gloves
SInv    +            (no boots)
Will    .....        (no amulet)
Stlth   +++          j - ring of wizardry
HPRegen 0.28/turn    m - ring of see invisible
MPRegen 0.12/turn

%: wizardry (x1)
@: no status effects
A: no striking features
a: no special abilities


You were on level 6 of the Dungeon.
You visited 1 branch of the dungeon, and saw 6 of its levels.
You also visited: Ossuary.

You collected 283 gold pieces.

Inventory:

Hand Weapons
 a - a +0 shortbow
 n - a +0 dagger of venom
 p - a +3 long sword of holy wrath (weapon)
Armour
 c - a +0 leather armour (worn)
 r - a +0 pair of gloves (worn)
Jewellery
 j - a ring of wizardry (left hand)
 m - a ring of see invisible (right hand)
 q - a +6 ring of strength
Wands
 e - a wand of flame (27)
 i - a wand of polymorph (19)
Scrolls
 b - 6 scrolls of immolation
 d - 3 scrolls of teleportation
 g - a scroll of fear
 k - 3 scrolls of identify
 l - 3 scrolls of amnesia
 s - 2 scrolls of fog
 w - a scroll of noise
Potions
 f - a potion of berserk rage
 h - 3 potions of flight
 o - a potion of brilliance
 t - 4 potions of lignification
 u - a potion of degeneration
 v - 2 potions of curing
 x - a potion of might


   Skills:
 + Level 4.1 Fighting
 * Level 2.6 Long Blades
 + Level 8.2 Ranged Weapons
 + Level 2.1 Armour
 + Level 6.1 Dodging
 - Level 6.7 Stealth


You had 7 spell levels left.
You didn't know any spells.
Your spell library contained the following spells:

 Spells                   Type           Power      Damage    Failure   Level
 Kiss of Death            Conj/Necr      0%         2d5       16%         1
 Confusing Touch          Hex            0%         N/A       41%         3
 Dazzling Flash           Conj/Hex       0%         N/A       41%         3
 Anguish                  Hex/Necr       0%         N/A       80%         4
 Cause Fear               Hex            0%         N/A       80%         4
 Dispel Undead            Necr           0%         3d6       80%         4
 Agony                    Necr           0%         N/A       98%         5
 Silence                  Hex/Air        0%         N/A       98%         5
 Enfeeble                 Hex            0%         N/A       100%        7


Dungeon Overview and Level Annotations

Branches:
Dungeon (6/15)            Ossuary (visited)
 Temple: D:4-7

Altars:
Cheibriados
Elyvilon
Uskayaw

Shops:
D:2 (   D:3 =

Annotations:
D:6 Dowan, Duvessa


Message History

Dowan barely misses you. The orc wizard barely misses you.
The orc wizard closely misses you. Dowan hits you with a +0 dagger.
You hit the orc wizard.
You kill the orc wizard!
Dowan barely misses you.
An orc priest comes into view. It is wielding a +0 flail.
An orc priest comes into view. It is wielding a +0 club.
Duvessa gestures with her weapon.
Dowan attacks as you move away! Dowan barely misses you.
Dowan attacks as you move away! Dowan closely misses you.
Duvessa attacks as you move away!
Duvessa hits you with a +0 short sword of speed!
Dowan attacks as you move away! Dowan hits you with a +0 dagger.
Dowan points at something and mumbles some strange words.
There is an open door here.
You hit Duvessa.
Duvessa is lightly wounded.
Duvessa misses you.
You hit Duvessa but do no damage.
Duvessa is lightly wounded.
Duvessa gestures with her weapon.
Duvessa closely misses you. Dowan hits you but does no damage.
Duvessa hits you with a +0 short sword of speed.
Duvessa barely misses you. Duvessa attacks as you move away!
Duvessa hits you with a +0 short sword of speed!
Dowan says, "My weaknesses are her strengths!"
You hit Dowan.
Dowan is heavily wounded.
Duvessa says, "My weaknesses are his strengths!"
Dowan gestures wildly while chanting.
Dowan blinks!
You slash Duvessa!
Duvessa is moderately wounded.
Duvessa hits you with a +0 short sword of speed!
* * * LOW HITPOINT WARNING * * *
Duvessa hits you with a +0 short sword of speed!
* * * LOW HITPOINT WARNING * * *
Duvessa hits you with a +0 short sword of speed.
You die...

### ### ........... #..
+.# ........... ..
...###.#+#..###...##.
#...#.#.....# ##...#.
.o....)...e.##+####.#.#.
o.....#.....#...#...#.#.
##..#####.#+#...#'#.#.#.
... +...e.#.......#.#...
# ###..@#####...###.###.
#.......#.+...'.#.....
#+#...#'#.#####.#+###
#...#.....#.....#
##+##.....'.....#
#.....#.....#
#+#.#####.#+# #.+ +.#
### ###


You could see Duvessa (fast) and Dowan.

Vanquished Creatures
  Prince Ribbit (D:5)
  Eustachio (D:5)
  Menkaure (D:4)
  2 black bears
  The ghost of Licon the Grasshopper, an amateur DsWr (D:3)
  2 scorpions
  2 hounds
  2 orc priests
  A gnoll bouda (D:6)
  3 iguanas
  Natasha (thrice) (D:3)
  4 orc wizards
  4 mummies (Ossuary)
  7 gnolls
  4 adders
  2 ufetubi
  A worm (D:4)
  A dart slug (D:4)
  8 orcs
  3 bats
  10 endoplasms
  4 giant cockroaches
  2 gnoll zombies (Ossuary)
  4 goblins
  8 hobgoblins
  4 jackals (D:1)
  5 kobolds
  3 quokkas
  6 ball pythons
  3 frilled lizards
  7 gnoll skeletons (Ossuary)
  2 goblin skeletons (Ossuary)
  8 goblin zombies (Ossuary)
  2 hobgoblin skeletons (Ossuary)
  4 hobgoblin zombies (Ossuary)
  4 kobold skeletons (Ossuary)
  4 kobold zombies (Ossuary)
  8 orc skeletons (Ossuary)
  2 orc zombies (Ossuary)
  5 rats
  2 rat skeletons (Ossuary)
  5 rat zombies (Ossuary)
155 creatures vanquished.

Notes
Turn   | Place    | Note
-------+----------+-------------------------------------------
     0 | D:1      | Pimp the Deep Elf Hunter began the quest for the Orb.
     0 | D:1      | Reached XP level 1. HP: 12/12 MP: 3/3
    67 | D:1      | Reached XP level 2. HP: 16/17 MP: 4/4
   228 | D:1      | Reached XP level 3. HP: 21/21 MP: 5/5
   635 | D:2      | Found Vuecwyw's Weapon Boutique.
  1283 | D:3      | Found a runed translucent door.
  1286 | D:3      | Noticed Licon's ghost (amateur DsWr)
  1306 | D:3      | Reached XP level 4. HP: 26/26 MP: 6/6
  1309 | D:3      | Reached skill level 6 in Ranged Weapons
  1345 | D:3      | Noticed Natasha
  1349 | D:3      | Killed Natasha
  1384 | D:3      | Noticed Natasha
  1394 | D:3      | Killed Natasha
  1469 | D:3      | Noticed Natasha
  1473 | D:3      | Killed Natasha
  1474 | D:3      | Reached XP level 5. HP: 31/31 MP: 7/7
  1485 | D:3      | Identified the +0 pair of gloves of Zecvihoa {rCorr Dex+2
                  | Stlth-}
  1587 | D:3      | Found Ageff's One-of-a-Kind Rings.
  1830 | D:3      | Killed Licon's ghost
  1951 | D:4      | Noticed Menkaure
  1961 | D:4      | HP: 1/32 [Menkaure/nerve-wracking pain (2)]
  1962 | D:4      | Killed Menkaure
  1963 | D:4      | Reached XP level 6. HP: 2/37 MP: 8/8
  2151 | D:4      | Reached skill level 7 in Ranged Weapons
  2206 | D:4      | Reached skill level 5 in Dodging
  2206 | D:4      | Reached XP level 7. HP: 8/41 MP: 9/9
  2501 | D:4      | Found a hide-covered altar of Uskayaw.
  2548 | D:4      | Reached skill level 5 in Stealth
  2691 | D:5      | Entered Level 5 of the Dungeon
  2882 | D:5      | Found a white marble altar of Elyvilon.
  2944 | D:5      | Found a sand-covered staircase.
  2952 | Ossuary  | Entered an ossuary
  2956 | Ossuary  | Reached skill level 1 in Long Blades
  3254 | Ossuary  | Reached skill level 1 in Armour
  3454 | D:5      | Noticed Prince Ribbit
  3464 | D:5      | Noticed Eustachio
  3473 | D:5      | Killed Prince Ribbit
  3474 | D:5      | Reached XP level 8. HP: 19/48 MP: 10/10
  3484 | D:5      | Killed Eustachio
  3680 | D:5      | Reached skill level 8 in Ranged Weapons
  3874 | D:5      | Found a snail-covered altar of Cheibriados.
  4800 | D:6      | Noticed Duvessa
  4800 | D:6      | Noticed Dowan
  4822 | D:6      | HP: 2/48 [Duvessa/+0 short sword of speed (9)]
  4822 | D:6      | Slain by Duvessa

Illustrated notes

Levels and vault maps discovered:
D:1:      psy_arrival_dodecagon, layout_basic, minmay_tall_x
D:2:      layout_loops_ring, serial_shops, shop, hex_medium
D:3:      layout_basic, ebering_ghost_reflecting_pool, minmay_stone_trees_small,
          minmay_misc_feat_x, nicolae_shop_unique_rings, uniq_natasha
D:4:      layout_rooms, nicolae_uskayaw_suspiria, uniq_menkaure
D:5:      layout_rooms, elyvilon_altar_1, mainiacjoe_overflow_chevrons,
          chequers_ossuary_entry_cave, minivault_23, uniq_eustachio,
          uniq_prince_ribbit1
D:6:      nicolae_cairo_tiling_large, layout_basic, serial_shops, shop,
          st_stairs_1, uniq_blork_the_orc, uniq_grinder, uniq_duvessa

Skill      XL: |  1  2  3  4  5  6  7  8 |
---------------+-------------------------+-----
Stealth        | 2 3 4 6 |  6.7
Fighting       | 2 3 4 |  4.1
Dodging        | 3 4 5 6 |  6.1
Ranged Weapons | 6 7 8 |  8.2
Long Blades    | 1 2 |  2.6
Armour         | 1 2 |  2.1

Action                     |  1- 3 |  4- 6 |  7- 9 || total
---------------------------+-------+-------+-------++-------
  Melee: Dagger            |       |     6 |    34 ||    40
         Long sword        |       |     1 |   132 ||   133
         Punch             |       |       |     3 ||     3
   Fire: Shortbow          |    98 |    95 |   105 ||   298
    Use: Scroll            |     2 |     3 |     7 ||    12
         Potion            |       |     7 |     3 ||    10
   Stab: Sleeping          |       |       |     1 ||     1
 Armour: Leather armour    |     8 |     5 |    41 ||    54
  Dodge: Dodged            |    23 |    31 |   147 ||   201
